[Event "Titled Tuesday Blitz August 08 Early 2023"]
[White "Wimalasuriya, Kasun M."]
[Black "Zarubitski, Viachaslau"]
[WhiteFideId "9906789"]
[BlackFideId "13509373"]
[WhiteElo "2312"]
[BlackElo "2625"]
[Result "0-1"]
[Round "1"]
[TimeControl "180+1"]
[Date "2023.08.08"]
[WhiteClock "0:00:11"]
[BlackClock "0:00:12"]
[Board "181"]

1. d4 Nf6 2. c4 Nc6 3. Nf3 e6 4. g3 Bb4+ 5. Nbd2 d6 6. Bg2 O-O 7. O-O e5 8. d5 Bxd2 9. Nxd2 Ne7 10. e4 a5 11. a3 a4 12. Nb1 Nd7 13. Nc3 Nc5 14. Be3 Bd7 15. Bxc5 dxc5 16. h3 Nc8 17. Qc2 Nd6 18. Ne2 f5 19. exf5 Bxf5 20. Qc3 Qd7 21. g4 Bg6 22. Ng3 Rae8 23. Rfe1 e4 24. Re2 Rf4 25. Rae1 Qf7 26. Nf1 Rf8 27. Qe3 b6 28. Rc2 h5 29. Qg3 hxg4 30. hxg4 Qf6 31. Ne3 Qg5 32. Ree2 Nf7 33. Nf5 Bxf5 34. gxf5 Rg4 35. Qh3 Nd6 36. Rc3 Nxf5 37. Kf1 Rf6 38. Rxe4 Rh4 39. Rxh4 Nxh4 40. Rg3 Qc1+ 41. Ke2 Qxc4+ 42. Ke1 Nf5 43. Rg5 Qc1+ 44. Ke2 Qxg5 45. Qc3 Nd4+ 46. Kd3 Qxg2 47. Kc4 Qf1+ 0-1


[Site "https://www.chess.com"]

[Event "Titled Tuesday Blitz August 08 Early 2023"]
[White "Jain Kashish Manoj"]
[Black "maksimys18"]
[WhiteFideId "35081098"]
[WhiteElo "2625"]
[BlackElo "2311"]
[Result "0-1"]
[Round "1"]
[TimeControl "180+1"]
[Date "2023.08.08"]
[WhiteClock "0:00:05"]
[BlackClock "0:00:51"]
[Board "182"]

1. e4 e6 2. d4 d5 3. Nc3 Bb4 4. e5 Ne7 5. Qg4 c5 6. a3 Qa5 7. Bd2 cxd4 8. Qxd4 Nbc6 9. Qf4 d4 10. Ne4 Bxd2+ 11. Nxd2 Qxe5+ 12. Qxe5 Nxe5 13. Ngf3 N5c6 14. Bb5 Bd7 15. Nc4 O-O 16. O-O-O a6 17. Bxc6 Bxc6 18. Rxd4 Bxf3 19. gxf3 Rad8 20. Rhd1 Nc6 21. Rd7 b5 22. Ne3 Rxd7 23. Rxd7 Ne5 24. Ra7 Nxf3 25. h3 Ng1 26. h4 h5 27. Rxa6 Nf3 28. Rb6 Nxh4 29. Rxb5 f5 30. a4 Nf3 31. Ng2 h4 32. Rb3 h3 33. Rxf3 hxg2 34. Rg3 Kf7 35. Rxg2 Kf6 36. f4 Rb8 37. b3 Rb4 38. Rf2 e5 39. fxe5+ Kxe5 40. Kb2 g5 41. a5 g4 42. Kc3 Rb8 43. b4 g3 44. Rf1 f4 45. a6 Ke4 46. Kd2 g2 47. Ra1 f3 48. b5 Rxb5 49. a7 Rd5+ 50. Kc3 Rd8 51. a8=Q+ Rxa8 52. Rxa8 g1=Q 53. Re8+ Kf4 54. Rf8+ Ke3 55. Re8+ Kf2 0-1


[Site "https://www.chess.com"]

[Event "Titled Tuesday Blitz August 08 Early 2023"]
[White "Zaksaite, Salomeja"]
[Black "Timerkhanov, Alexander"]
[WhiteFideId "12801496"]
[BlackFideId "24177938"]
[WhiteElo "2310"]
[BlackElo "2625"]
[Result "0-1"]
[Round "1"]
[TimeControl "180+1"]
[Date "2023.08.08"]
[WhiteClock "0:00:00"]
[BlackClock "0:01:37"]
[Board "183"]

1. e4 c5 2. Nf3 a6 3. c4 Nc6 4. Nc3 Nf6 5. d4 cxd4 6. Nxd4 e5 7. Nxc6 dxc6 8. Qxd8+ Kxd8 9. Be2 Kc7 10. f4 Bd6 11. O-O b5 12. fxe5 Bxe5 13. Bf4 Re8 14. cxb5 axb5 15. Rac1 Bxf4 16. Rxf4 Kb6 17. Bf1 b4 18. Ne2 Rxa2 19. Nd4 c5 20. Nb3 Rxe4 21. Rxe4 Nxe4 22. Bd3 Rxb2 23. Bxe4 Rxb3 24. Bd5 Rb2 0-1


[Site "https://www.chess.com"]

[Event "Titled Tuesday Blitz August 08 Early 2023"]
[White "Garcia Ramos, Daniel"]
[Black "Alahakoon, Isuru"]
[WhiteFideId "32010311"]
[BlackFideId "9900993"]
[WhiteElo "2621"]
[BlackElo "2308"]
[Result "1-0"]
[Round "1"]
[TimeControl "180+1"]
[Date "2023.08.08"]
[WhiteClock "0:00:04"]
[BlackClock "0:00:00"]
[Board "184"]

1. e4 d5 2. exd5 Qxd5 3. Nc3 Qa5 4. d4 Nf6 5. Nf3 Bg4 6. h3 Bh5 7. Bd2 c6 8. Bc4 Nbd7 9. g4 Bg6 10. Qe2 e6 11. O-O-O O-O-O 12. Nd5 Qa4 13. Bb3 Qb5 14. c4 Qa6 15. Nb4 Qb6 16. c5 Qc7 17. Nd3 Nd5 18. Nfe5 Nxe5 19. Nxe5 Be7 20. h4 f6 21. Nxg6 hxg6 22. Qxe6+ Qd7 23. Qxd7+ Rxd7 24. Bc2 b6 25. Bxg6 Kb7 26. Bf5 Rdd8 27. cxb6 axb6 28. h5 Ra8 29. a3 b5 30. Rhe1 Bd6 31. Re6 Kc7 32. Kb1 Rhb8 33. Rc1 b4 34. axb4 Nxb4 35. Bxb4 Rxb4 36. Be4 1-0


[Site "https://www.chess.com"]

[Event "Titled Tuesday Blitz August 08 Early 2023"]
[White "amanjazu"]
[Black "Rostomyan, Mikayel"]
[BlackFideId "13313754"]
[WhiteElo "2308"]
[BlackElo "2619"]
[Result "0-1"]
[Round "1"]
[TimeControl "180+1"]
[Date "2023.08.08"]
[WhiteClock "0:00:04"]
[BlackClock "0:00:22"]
[Board "185"]

1. g3 d5 2. f4 Nc6 3. Nf3 e5 4. fxe5 d4 5. Bg2 Be6 6. O-O Bc5 7. d3 h6 8. Nbd2 Nge7 9. Ne4 Bb6 10. Kh1 Ng6 11. Bf4 Nxf4 12. gxf4 Ne7 13. e3 Nf5 14. exd4 Ne3 15. Qe2 Nxf1 16. Rxf1 Bxd4 17. Nxd4 Qxd4 18. c3 Qb6 19. f5 Bd5 20. Nf6+ gxf6 21. exf6+ Be6 22. fxe6 Qxe6 23. Qf2 O-O-O 24. Qxa7 c6 25. d4 Rhg8 26. Rg1 Qf5 27. Qa8+ Kc7 28. Qa3 Qxf6 29. Qa5+ Kb8 30. Rf1 Qg5 31. Qxg5 Rxg5 32. Rxf7 Rdg8 33. Rf2 h5 34. h3 h4 35. Kh2 R8g7 36. Rc2 Rf5 37. Rd2 Rgf7 38. Kg1 Kc7 39. b3 Rf4 40. c4 Kd6 41. d5 c5 42. Re2 Re7 43. Rc2 Rd4 44. Rf2 Rd1+ 45. Kh2 Ree1 46. Rf6+ Ke5 47. Rh6 Kd4 48. Rxh4+ Kc3 49. Rg4 Kb2 50. h4 Kxa2 51. h5 Re7 52. h6 Rd4 53. Rh4 Rxh4+ 0-1


[Site "https://www.chess.com"]

[Event "Titled Tuesday Blitz August 08 Early 2023"]
[White "Bagrationi, Alexander"]
[Black "dr_tatiana"]
[WhiteFideId "14104954"]
[WhiteElo "2619"]
[BlackElo "2306"]
[Result "0-1"]
[Round "1"]
[TimeControl "180+1"]
[Date "2023.08.08"]
[WhiteClock "0:00:53"]
[BlackClock "0:00:15"]
[Board "186"]

1. d4 d5 2. Nf3 Nf6 3. g3 c6 4. Bg2 Bg4 5. O-O Nbd7 6. c4 e6 7. Nbd2 Bd6 8. b3 O-O 9. a4 Re8 10. Bb2 e5 11. dxe5 Nxe5 12. h3 Bxf3 13. exf3 Nd3 14. Bc3 Bc5 15. Qc2 Nb4 16. Qf5 d4 17. Bb2 Qd6 18. Ne4 Nxe4 19. fxe4 Nd3 20. Bc1 Nxc1 21. Raxc1 d3 22. Kh2 Rad8 23. f4 d2 24. Rcd1 Bb4 25. e5 Qd3 26. Qg4 Qxb3 27. Be4 Qxc4 28. Bb1 g6 29. h4 h5 30. Qf3 Qc3 31. Qe2 a5 32. Rf3 Qc5 33. Re3 Re7 34. f5 Rde8 35. e6 fxe6 36. fxg6 Kg7 37. Re5 Qd4 38. Rxh5 Bd6 39. Rh7+ Kg8 40. Qh5 Qf2+ 41. Kh1 Qe1+ 42. Kg2 Qxg3+ 43. Kf1 Rf8+ 44. Rf7 Rfxf7+ 45. gxf7+ Rxf7+ 46. Ke2 Qf2+ 47. Kd3 Rf3+ 48. Kc2 Qc5+ 49. Qxc5 Bxc5 50. Rxd2 Bb4 51. Rd7 Rf2+ 52. Kb3 Rf3+ 53. Kc2 b5 54. Ba2 bxa4 55. Bxe6+ Kh8 56. h5 Rf2+ 57. Kb1 a3 58. h6 Rh2 59. h7 Rxh7 60. Rxh7+ Kxh7 61. Ka2 Kg6 62. Bc4 Kf5 63. Kb3 Ke4 64. Ba6 Kd4 65. Bb7 c5 66. Ba6 a4+ 67. Ka2 c4 68. Bc8 c3 69. Bf5 Ke3 70. Bc2 Kd2 71. Bxa4 c2 72. Bxc2 Kxc2 73. Ka1 Kb3 74. Kb1 a2+ 75. Ka1 Bc3# 0-1


[Site "https://www.chess.com"]

[Event "Titled Tuesday Blitz August 08 Early 2023"]
[White "Ziatdinov, Raset"]
[Black "Przybylski, Wojciech"]
[WhiteFideId "2015323"]
[BlackFideId "1117599"]
[WhiteElo "2306"]
[BlackElo "2614"]
[Result "0-1"]
[Round "1"]
[TimeControl "180+1"]
[Date "2023.08.08"]
[WhiteClock "0:00:21"]
[BlackClock "0:00:17"]
[Board "187"]

1. e4 e5 2. Nf3 Nc6 3. Bb5 Nf6 4. O-O Nxe4 5. d4 Nd6 6. dxe5 Nxb5 7. a4 Nbd4 8. Nxd4 d5 9. Re1 Nxd4 10. Qxd4 c5 11. Qf4 Be7 12. Nc3 O-O 13. Nb5 Be6 14. c3 Qd7 15. Qg3 Kh8 16. Bg5 f6 17. exf6 gxf6 18. Bh6 Rf7 19. Rad1 Rg8 20. Qe3 Bh3 21. g3 Bg4 22. Rd2 a6 23. Na3 Qf5 24. Qf4 Qh5 25. Rxe7 Rxe7 26. Qxf6+ Reg7 27. Bxg7+ Rxg7 28. Qd8+ Rg8 29. Qxd5 Qxd5 30. Rxd5 Bf3 31. Rf5 Be4 32. Re5 Bf3 33. Rf5 Be4 34. Rf4 Bc6 35. a5 Rd8 36. Kf1 Rd2 37. Nc4 Bb5 38. Ke1 Rd7 39. Ne5 Re7 40. Re4 Kg7 41. f4 h5 42. c4 Ba4 43. Kd2 Kf6 44. Kc3 Kf5 45. Re1 Bc6 46. Rd1 Be8 47. Rd8 Ke4 48. Rd5 Rc7 49. Nd3 Bf7 50. Rxh5 Bxh5 51. Ne5 Be2 52. h4 Rg7 0-1


[Site "https://www.chess.com"]

[Event "Titled Tuesday Blitz August 08 Early 2023"]
[White "Kononenko, Dmitry"]
[Black "Fajdetic, Hrvoje"]
[WhiteFideId "14113538"]
[BlackFideId "14501945"]
[WhiteElo "2613"]
[BlackElo "2304"]
[Result "1-0"]
[Round "1"]
[TimeControl "180+1"]
[Date "2023.08.08"]
[WhiteClock "0:01:03"]
[BlackClock "0:00:02"]
[Board "188"]

1. e4 e6 2. d4 d5 3. exd5 exd5 4. Nc3 c6 5. Bd3 Bd6 6. Nge2 Ne7 7. Bf4 Bf5 8. O-O O-O 9. Bxd6 Qxd6 10. Ng3 Bg6 11. Re1 Nd7 12. Qd2 Rae8 13. Re2 Bxd3 14. Qxd3 Ng6 15. Nf5 Qb4 16. Rb1 Nf4 17. Qg3 Nxe2+ 18. Nxe2 g6 19. c3 Qa4 20. Nf4 Qxa2 21. Rf1 Re4 22. h4 Nf6 23. h5 Rxf4 24. Qxf4 Nxh5 25. Nh6+ Kh8 26. Qe5+ f6 27. Qe7 Ra8 28. g4 Ng7 29. Qxf6 Qxb2 30. Re1 Qxc3 31. Re7 Qc1+ 32. Kg2 Qxh6 33. g5 Qxg5+ 34. Qxg5 Rf8 35. Rxg7 Kxg7 36. Qe7+ Rf7 37. Qe5+ Kg8 38. Qb8+ Kg7 39. Qxa7 h5 40. f3 Kh7 41. Qb8 Kg7 42. Qe8 Rf6 43. Qe5 Kf7 44. Qc7+ Ke6 45. Qxb7 Kf5 46. Qe7 Re6 47. Qf7+ Rf6 48. Qe8 Re6 49. Qc8 Kf6 50. f4 Kf5 51. Kf3 Kf6 52. Qf8# 1-0


[Site "https://www.chess.com"]

[Event "Titled Tuesday Blitz August 08 Early 2023"]
[White "LuxLinster"]
[Black "Goltsev, Dmitry"]
[BlackFideId "24176710"]
[WhiteElo "2303"]
[BlackElo "2612"]
[Result "0-1"]
[Round "1"]
[TimeControl "180+1"]
[Date "2023.08.08"]
[WhiteClock "0:00:00"]
[BlackClock "0:00:24"]
[Board "189"]

1. d4 Nf6 2. c4 e6 3. g3 b6 4. Bg2 d5 5. Nf3 Bb7 6. cxd5 exd5 7. Nc3 Bd6 8. Qa4+ c6 9. O-O O-O 10. Ne5 Qc7 11. Bf4 Nbd7 12. Nxd7 Nxd7 13. Bxd6 Qxd6 14. e4 dxe4 15. Nxe4 Qg6 16. Rac1 Rfe8 17. Rfe1 Re6 18. d5 b5 19. dxe6 bxa4 20. exd7 h6 21. Nc5 Qd6 22. Red1 Qc7 23. Nxb7 Qxb7 24. d8=Q+ Rxd8 25. Rxd8+ Kh7 26. Rd2 Qb4 27. Rdc2 c5 28. a3 Qb3 29. Bf1 g6 30. Bc4 Qb7 31. Rd2 h5 32. h4 Kh6 33. Rcc2 f6 34. Rd5 Qb6 35. Bf1 c4 36. Bxc4 Qc6 37. Rdd2 Qe4 38. Bd3 Qe1+ 39. Kg2 g5 40. hxg5+ Kxg5 41. Be2 Kg6 42. Bf3 a6 43. Re2 Qa5 44. Rcd2 h4 45. gxh4 Kh6 46. Rd4 Qf5 47. Rg4 Qd7 48. Rxa4 Qxa4 49. Be4 Qc4 50. Kf3 Qe6 0-1


[Site "https://www.chess.com"]

[Event "Titled Tuesday Blitz August 08 Early 2023"]
[White "Malek, Jan"]
[Black "Adury, Anant"]
[WhiteFideId "21864080"]
[BlackFideId "30964687"]
[WhiteElo "2612"]
[BlackElo "2302"]
[Result "0-1"]
[Round "1"]
[TimeControl "180+1"]
[Date "2023.08.08"]
[WhiteClock "0:01:07"]
[BlackClock "0:00:20"]
[Board "190"]

1. c4 e5 2. d3 Nc6 3. Nf3 Nf6 4. g3 Bb4+ 5. Bd2 Bxd2+ 6. Nbxd2 O-O 7. Bg2 d6 8. O-O Rb8 9. a3 h6 10. b4 Be6 11. b5 Ne7 12. a4 c5 13. a5 Qd7 14. Nb3 Bh3 15. Re1 Bxg2 16. Kxg2 Nf5 17. e4 Nd4 18. Nfxd4 cxd4 19. a6 b6 20. h3 Qe7 21. Qf3 Nd7 22. Qg4 Nc5 23. Nxc5 dxc5 24. f4 f6 25. Rf1 Rbe8 26. fxe5 fxe5 27. h4 Qe6 28. Rxf8+ Kxf8 29. Rf1+ Kg8 30. Qh5 Rf8 31. Rxf8+ Kxf8 32. Kf3 Qf7+ 33. Qf5 g6 34. Qxf7+ Kxf7 35. Kg2 Kf6 36. Kh3 h5 37. g4 Ke7 38. Kg3 Kf6 39. Kf3 Kg7 40. Kf2 Kh6 41. Kg3 Kh7 42. Kh2 Kg7 43. Kh3 Kh7 44. Kg3 Kg7 45. Kf3 Kf6 46. Kf2 Kg7 47. Kf3 Kh7 48. Kg2 Kh6 49. Kh2 hxg4 50. Kg2 Kh5 51. Kg3 g5 52. hxg5 Kxg5 53. Kg2 Kf4 54. Kf2 g3+ 55. Ke2 g2 56. Kf2 g1=Q+ 57. Kxg1 Ke3 58. Kg2 Kxd3 59. Kf3 Kxc4 60. Kg4 d3 61. Kf5 d2 62. Kxe5 d1=Q 63. Ke6 Kxb5 64. e5 Kxa6 65. Ke7 Qe2 66. Kd6 Qxe5+ 67. Kxe5 Kb5 68. Ke4 Kb4 69. Kd3 Kb3 70. Kd2 Kb2 71. Kd3 a5 72. Kc4 a4 73. Kb5 a3 74. Kxb6 a2 75. Kc6 a1=Q 76. Kd5 c4 77. Kc6 c3 78. Kb5 c2 79. Kb4 c1=R 80. Kb5 Qb1 81. Kb6 Ka1+ 82. Ka7 Qa2+ 83. Kb6 Qb2+ 84. Ka6 Rc3 85. Ka5 Ra3# 0-1


[Site "https://www.chess.com"]

[Event "Titled Tuesday Blitz August 08 Early 2023"]
[White "Gauravthegm"]
[Black "Khusenkhojaev, Muhammad"]
[BlackFideId "14700247"]
[WhiteElo "2301"]
[BlackElo "2611"]
[Result "1-0"]
[Round "1"]
[TimeControl "180+1"]
[Date "2023.08.08"]
[WhiteClock "0:02:25"]
[BlackClock "0:01:52"]
[Board "191"]

1. e4 c5 2. Nc3 d6 3. g3 g6 4. Bg2 Bg7 5. d3 Nc6 6. f4 Nf6 7. Nf3 O-O 8. O-O Rb8 9. a4 Nd7 10. Be3 a6 11. Qc1 b5 12. axb5 axb5 13. Ne2 Bb7 14. f5 Ra8 15. Rxa8 Qxa8 16. Bh6 Qa2 17. Bxg7 Kxg7 18. Nc3 b4 19. Nxa2 1-0


[Site "https://www.chess.com"]

[Event "Titled Tuesday Blitz August 08 Early 2023"]
[White "Liyanage, Ranindu Dilshan"]
[Black "UgarteCesar"]
[WhiteFideId "9915834"]
[WhiteElo "2605"]
[BlackElo "2300"]
[Result "1-0"]
[Round "1"]
[TimeControl "180+1"]
[Date "2023.08.08"]
[WhiteClock "0:01:05"]
[BlackClock "0:00:06"]
[Board "192"]

1. d4 d5 2. c4 e6 3. Nc3 h6 4. Nf3 Nf6 5. cxd5 exd5 6. Bf4 Bd6 7. Be5 c6 8. e3 Nbd7 9. h3 Bb4 10. Bd3 O-O 11. O-O Re8 12. Bh2 Qe7 13. Qc2 Ne4 14. Ne2 Bd6 15. Nf4 Nf8 16. Rfe1 Bf5 17. Rad1 Bh7 18. Ne5 f6 19. Nf3 g5 20. Ne2 Bxh2+ 21. Nxh2 Rad8 22. Ng4 Qg7 23. f3 Nd6 24. Ng3 Bxd3 25. Qxd3 Qg6 26. Qxg6+ Nxg6 27. Nxf6+ Kf7 28. Nxe8 Rxe8 29. e4 dxe4 30. fxe4 Nf4 31. b3 Kg6 32. e5 Nb5 33. Ne4 h5 34. Nf6 Re6 35. d5 cxd5 36. Nxd5 Nxd5 37. Rxd5 Nc3 38. Rd6 Kf5 39. g4+ hxg4 40. hxg4+ 1-0


[Site "https://www.chess.com"]

[Event "Titled Tuesday Blitz August 08 Early 2023"]
[White "Fernandez Siles, Luis"]
[Black "Domingo Nunez, Ruben"]
[WhiteFideId "2209420"]
[BlackFideId "22245570"]
[WhiteElo "2296"]
[BlackElo "2605"]
[Result "0-1"]
[Round "1"]
[TimeControl "180+1"]
[Date "2023.08.08"]
[WhiteClock "0:00:24"]
[BlackClock "0:00:31"]
[Board "193"]

1. d4 g6 2. c4 Bg7 3. Nf3 d6 4. Nc3 Nd7 5. e4 e5 6. Be2 Ngf6 7. O-O O-O 8. h3 exd4 9. Nxd4 Re8 10. Bf3 Ne5 11. Be2 Bd7 12. f4 Nc6 13. Nxc6 Bxc6 14. Nd5 Nxe4 15. f5 Ng3 16. Rf2 Bxd5 17. cxd5 Bd4 18. Qxd4 Nxe2+ 19. Rxe2 Rxe2 20. Bh6 f6 21. fxg6 hxg6 22. Qd3 Qe8 23. Rf1 Re1 24. Rxe1 Qxe1+ 25. Kh2 Qe5+ 26. g3 Qxb2+ 27. Kg1 Kf7 28. Qc4 Re8 0-1


[Site "https://www.chess.com"]

[Event "Titled Tuesday Blitz August 08 Early 2023"]
[White "Bilan, Danila"]
[Black "Makhmudov, Shukhrat"]
[WhiteFideId "24161918"]
[BlackFideId "14200775"]
[WhiteElo "2603"]
[BlackElo "2296"]
[Result "1-0"]
[Round "1"]
[TimeControl "180+1"]
[Date "2023.08.08"]
[WhiteClock "0:00:18"]
[BlackClock "0:01:05"]
[Board "194"]

1. d4 Nf6 2. Nf3 d5 3. c4 e6 4. Nc3 Bb4 5. Qb3 Nc6 6. a3 dxc4 7. Qxc4 Bd6 8. Bg5 h6 9. Bh4 Be7 10. e3 Nd5 11. Bg3 Nxc3 12. Qxc3 Bd6 13. Bb5 Bd7 14. Rc1 O-O 15. O-O Ne7 16. Bd3 Nd5 17. Qb3 Nb6 18. Ne5 Ba4 19. Qc3 Rc8 20. Qa5 a6 21. Qd2 Bb3 22. Qc3 Ba4 23. b3 Be8 24. b4 Nd5 25. Qb2 Ba4 26. Bc2 Nb6 27. Bxa4 Nxa4 28. Qb3 Qe8 29. Rc2 Nb6 30. Rfc1 c6 31. a4 Nd5 32. b5 axb5 33. axb5 Bxe5 34. Bxe5 Qd7 35. bxc6 bxc6 36. h3 f6 37. Bg3 Kh8 38. Qa4 Rc7 39. Bxc7 Qxc7 40. Qxc6 Qe7 41. Qa6 f5 42. Rc8 f4 43. Rxf8+ Qxf8 44. Rc8 1-0


[Site "https://www.chess.com"]

[Event "Titled Tuesday Blitz August 08 Early 2023"]
[White "rionelG"]
[Black "NovoselovRoman"]
[WhiteElo "2290"]
[BlackElo "2603"]
[Result "0-1"]
[Round "1"]
[TimeControl "180+1"]
[Date "2023.08.08"]
[WhiteClock "0:00:00"]
[BlackClock "0:00:04"]
[Board "195"]

1. e4 c6 2. d4 d5 3. e5 Bf5 4. Nf3 h6 5. Be2 e6 6. O-O c5 7. Be3 Qb6 8. Nc3 Qxb2 9. Qb1 Qxb1 10. Raxb1 b6 11. dxc5 bxc5 12. Rb7 a6 13. Na4 Nd7 14. c4 d4 15. Bf4 g5 16. Bg3 Ne7 17. Nd2 Ng6 18. Nb6 Nxb6 19. Rxb6 Be7 20. Bf3 Rd8 21. Rxa6 O-O 22. Ra7 Rfe8 23. Ne4 Bxe4 24. Bxe4 Nf8 25. Rb1 Rd7 26. Rxd7 Nxd7 27. Bc6 Rd8 28. Rb7 Nb8 29. Bb5 Bf8 30. Rb6 d3 0-1


[Site "https://www.chess.com"]

[Event "Titled Tuesday Blitz August 08 Early 2023"]
[White "Sakun, Volodymyr"]
[Black "Afanasieva, Alexandra"]
[WhiteFideId "14114062"]
[BlackFideId "34126926"]
[WhiteElo "2602"]
[BlackElo "2289"]
[Result "1-0"]
[Round "1"]
[TimeControl "180+1"]
[Date "2023.08.08"]
[WhiteClock "0:00:05"]
[BlackClock "0:00:00"]
[Board "196"]

1. d4 d5 2. c4 Nf6 3. cxd5 Nxd5 4. Nf3 Nc6 5. e4 Nb6 6. d5 Nb8 7. Nc3 Bg4 8. h3 Bh5 9. g4 Bg6 10. Ne5 N8d7 11. Nxg6 hxg6 12. Bg2 c6 13. O-O Qc7 14. Be3 e6 15. dxe6 fxe6 16. Qb3 Kf7 17. Rac1 Bc5 18. Nb5 cxb5 19. Qxb5 a6 20. Qb3 Rac8 21. Bxc5 Nxc5 22. Qf3+ Ke7 23. b4 Rcf8 24. Qe3 Nbd7 25. bxc5 Qf4 26. Qa3 Kf7 27. Rfd1 Ne5 28. Rb1 Kg8 29. Rb2 Nc4 30. Qb3 Nxb2 31. Qxb2 g5 32. Rd7 Rf7 33. Rxb7 Rxb7 34. Qxb7 Kh7 35. Qb1 Rf8 36. Qc2 Rd8 37. e5+ Kh6 38. Qb3 Qc1+ 39. Bf1 Qf4 40. Qxe6+ Kh7 41. Qf5+ Qxf5 42. gxf5 Rd5 43. e6 Rxc5 44. Bd3 Kg8 45. Kg2 Kf8 46. Kg3 Ke7 47. Kg4 Kf6 48. f4 gxf4 49. Kxf4 Rc3 50. Ke4 Ra3 51. Bb1 Ra5 52. Kd4 Rb5 53. Bd3 Rb4+ 54. Kd5 Ra4 55. Bc4 Ra5+ 56. Kd6 Rxf5 57. e7 Re5 58. Bxa6 Rxe7 59. Bc4 Re1 60. a4 Rd1+ 61. Kc5 Rh1 62. a5 Rxh3 63. a6 Ra3 64. Kb6 Ke5 65. a7 g5 66. Ba6 Rb3+ 67. Kc7 Rc3+ 68. Kd7 1-0


[Site "https://www.chess.com"]

[Event "Titled Tuesday Blitz August 08 Early 2023"]
[White "Szente Varga, Fruzsina"]
[Black "Sadykov, Ramil"]
[WhiteFideId "712264"]
[BlackFideId "24113590"]
[WhiteElo "2289"]
[BlackElo "2602"]
[Result "0-1"]
[Round "1"]
[TimeControl "180+1"]
[Date "2023.08.08"]
[WhiteClock "0:00:08"]
[BlackClock "0:00:37"]
[Board "197"]

1. e4 c5 2. Nf3 e6 3. b3 Nf6 4. e5 Nd5 5. Bb2 Ne7 6. g3 Nbc6 7. Bg2 Nf5 8. O-O d6 9. exd6 Bxd6 10. d3 O-O 11. Nbd2 e5 12. Nc4 Re8 13. Re1 f6 14. Nfd2 Nfd4 15. Nxd6 Qxd6 16. Ne4 Qf8 17. Ba3 b6 18. c3 Nb5 19. Bb2 Bb7 20. a4 Nd6 21. Qh5 Rad8 22. Nxd6 Qxd6 23. Be4 g6 24. Bxg6 hxg6 25. Qxg6+ Kf8 26. Qh6+ Kf7 27. Qh7+ Ke6 28. Qh3+ f5 29. Qh6+ Kd7 30. Qh7+ Re7 31. Qxf5+ Kc7 32. d4 exd4 33. cxd4 Nxd4 34. Bxd4 Rxe1+ 35. Rxe1 cxd4 36. Rc1+ Kb8 37. h4 d3 38. Rd1 d2 39. h5 Qc6 40. Qf4+ Ka8 41. f3 Qxf3 42. Qxf3 Bxf3 0-1


[Site "https://www.chess.com"]

[Event "Titled Tuesday Blitz August 08 Early 2023"]
[White "Erzhanov, Arman"]
[Black "Konenkin, Dmitry"]
[WhiteFideId "4138821"]
[BlackFideId "4185781"]
[WhiteElo "2600"]
[BlackElo "2285"]
[Result "1-0"]
[Round "1"]
[TimeControl "180+1"]
[Date "2023.08.08"]
[WhiteClock "0:01:25"]
[BlackClock "0:00:15"]
[Board "198"]

1. e4 d6 2. d4 Nf6 3. Nc3 e5 4. Nge2 Be7 5. h3 O-O 6. g4 c6 7. Bg2 b5 8. a3 a5 9. O-O Ba6 10. Re1 b4 11. axb4 axb4 12. Na4 Nbd7 13. b3 Bb5 14. Be3 Re8 15. Qd2 Bxa4 16. bxa4 Nb6 17. Qxb4 d5 18. Qb3 Nc4 19. dxe5 Nxe5 20. exd5 Nxd5 21. Red1 Rb8 22. Bxd5 Rxb3 23. Bxf7+ Kxf7 24. Rxd8 Rxd8 25. cxb3 Rb8 26. Nd4 Bc5 27. Nxc6 Nxc6 28. Bxc5 Rxb3 29. a5 Rb5 30. Bb6 Ke6 31. Kg2 Kd7 32. h4 Kc8 33. h5 Kb7 34. f4 Ka6 35. g5 Rb3 36. Ra4 Nb4 37. f5 Nd5 38. Rd4 Ne3+ 39. Kf2 Nxf5 40. Rd7 Rb5 41. Ra7# 1-0


[Site "https://www.chess.com"]

[Event "Titled Tuesday Blitz August 08 Early 2023"]
[White "GAO"]
[Black "Subelj, Jan"]
[BlackFideId "14618583"]
[WhiteElo "2285"]
[BlackElo "2600"]
[Result "0-1"]
[Round "1"]
[TimeControl "180+1"]
[Date "2023.08.08"]
[WhiteClock "0:00:27"]
[BlackClock "0:00:33"]
[Board "199"]

1. Nf3 b6 2. e4 Bb7 3. Nc3 c5 4. d4 cxd4 5. Nxd4 e5 6. Nf5 Nf6 7. Bg5 a6 8. a4 h6 9. Bxf6 Qxf6 10. Bc4 Bb4 11. Qd3 O-O 12. O-O Bxc3 13. bxc3 Nc6 14. Qxd7 Na5 15. Bd5 Rfd8 16. Qc7 Bxd5 17. Ne7+ Kf8 18. Nxd5 Qd6 19. Qxb6 Qxb6 20. Nxb6 Rab8 21. Rab1 Ke8 22. Nd5 Rxb1 23. Rxb1 Rc8 24. Kf1 Nc4 25. Ke2 Rc5 26. Rb7 Ra5 27. Re7+ Kf8 28. Rc7 Nd6 29. Rd7 Ne8 30. Rd8 Rxa4 31. Nc7 Ke7 32. Rxe8+ Kd7 33. Rxe5 Kxc7 34. Re7+ Kd6 35. Rxf7 Rxe4+ 36. Kd3 Rg4 37. g3 Kc5 38. h3 Rg6 39. c4 Rd6+ 40. Kc3 g6 41. Rc7+ Kb6 42. c5+ Kxc7 43. cxd6+ Kxd6 44. Kb4 Kc6 45. c4 Kb6 46. c5+ Kc6 47. Kc4 a5 48. f4 a4 49. Kb4 a3 50. Kxa3 Kxc5 51. Kb3 Kd4 52. Kc2 Ke4 53. h4 h5 54. Kd2 Kf3 55. Kd3 Kxg3 56. Ke4 Kxh4 57. Kf3 Kh3 58. Kf2 Kg4 59. Kg2 Kxf4 60. Kh3 g5 61. Kg2 g4 62. Kh2 h4 63. Kg2 h3+ 0-1


[Site "https://www.chess.com"]

[Event "Titled Tuesday Blitz August 08 Early 2023"]
[White "Zarnicki, Pablo"]
[Black "Jahnz, Fabian"]
[WhiteFideId "100137"]
[BlackFideId "4653300"]
[WhiteElo "2598"]
[BlackElo "2282"]
[Result "1-0"]
[Round "1"]
[TimeControl "180+1"]
[Date "2023.08.08"]
[WhiteClock "0:02:00"]
[BlackClock "0:02:08"]
[Board "200"]

1. e4 c6 2. d4 d5 3. Nc3 dxe4 4. Nxe4 Nf6 5. Nxf6+ exf6 6. Bc4 Bd6 7. Qe2+ Qe7 8. Qxe7+ Kxe7 9. Ne2 Re8 10. O-O Be6 11. Bb3 Bxb3 12. axb3 Nd7 13. Bf4 Bxf4 14. Nxf4 Kf8 15. g3 Nb6 16. Rfe1 Rxe1+ 17. Rxe1 Re8 18. Rxe8+ Kxe8 19. c4 Ke7 20. f3 a5 21. Kf2 a4 22. c5 g5 23. cxb6 gxf4 24. bxa4 fxg3+ 25. hxg3 Kd6 26. b4 Kd5 27. a5 1-0


[Site "https://www.chess.com"]

[Event "Titled Tuesday Blitz August 08 Early 2023"]
[White "Sariego Figueredo, Wilfredo"]
[Black "Goldin, Alexander"]
[WhiteFideId "3500080"]
[BlackFideId "2019540"]
[WhiteElo "2270"]
[BlackElo "2597"]
[Result "0-1"]
[Round "1"]
[TimeControl "180+1"]
[Date "2023.08.08"]
[WhiteClock "0:00:07"]
[BlackClock "0:00:15"]
[Board "201"]

1. d4 Nf6 2. Bf4 d6 3. Nc3 Nbd7 4. Nf3 c5 5. d5 g6 6. e4 Bg7 7. Be2 Nh5 8. Bd2 O-O 9. O-O a6 10. a4 Rb8 11. a5 h6 12. Re1 Kh7 13. Kh1 Qc7 14. Ng1 Nhf6 15. f4 c4 16. Be3 Nc5 17. Bf3 b5 18. axb6 Rxb6 19. Bxc5 dxc5 20. e5 Ne8 21. Na4 Rb8 22. Be2 f6 23. Bxc4 fxe5 24. fxe5 Bxe5 25. c3 Bxh2 26. Nf3 Bg3 27. Re2 Nf6 28. Qc2 Bf5 29. Bd3 Nxd5 30. Bxf5 Rxf5 31. Qe4 Bd6 32. g4 Nf6 33. Qc4 Rf4 34. Qd3 Rxg4 35. Rae1 Rf8 36. Ne5 Rg5 37. Nc4 Rf7 38. Nxd6 exd6 39. Qxa6 Nh5 40. Re6 Ng3+ 41. Kh2 Nf5 42. Qb6 Qd7 43. b3 Rh5+ 44. Kg1 Nh4 45. R1e3 Nf3+ 46. Kg2 Ng5 47. c4 Nxe6 48. Nc3 Nf4+ 49. Kg1 Qg4+ 50. Kf1 Nd3+ 51. Rf3 Qxf3+ 52. Kg1 Qf2# 0-1


[Site "https://www.chess.com"]

[Event "Titled Tuesday Blitz August 08 Early 2023"]
[White "Andreev, Konstantin"]
[Black "Garrido, Denis"]
[WhiteFideId "24239305"]
[BlackFideId "601217"]
[WhiteElo "2593"]
[BlackElo "2267"]
[Result "1-0"]
[Round "1"]
[TimeControl "180+1"]
[Date "2023.08.08"]
[WhiteClock "0:01:06"]
[BlackClock "0:00:02"]
[Board "202"]

1. e4 e5 2. Nf3 Nc6 3. Bc4 Nf6 4. d3 Bc5 5. c3 a5 6. Bb3 d6 7. a4 O-O 8. O-O Ba7 9. Bc2 h6 10. h3 Ne7 11. Nbd2 Ng6 12. Re1 c6 13. Nf1 Re8 14. Ng3 d5 15. exd5 Nxd5 16. d4 exd4 17. Rxe8+ Qxe8 18. Bxg6 fxg6 19. Nxd4 Qf7 20. Qd3 Bd7 21. Bd2 Rf8 22. Ne4 Bf5 23. Nxf5 Qxf5 24. Rf1 g5 25. Kh1 g4 26. h4 g3 27. c4 Nf4 28. Bxf4 Qxf4 29. Nxg3 Qxh4+ 30. Kg1 Bd4 31. Nf5 Qh5 32. Nxd4 Rf4 33. Ne6 Rh4 34. Qd8+ Kh7 35. Nf8+ Kg8 36. Ng6+ Kh7 37. Nxh4 1-0


[Site "https://www.chess.com"]